 Dungeon Crawl Stone Soup version 0.22.0-40-g68aacdc (webtiles) character file.

1785 therodimus the Charmwright (level 9, 0/103 HPs)
             Began as a Gnoll Skald on Sept 1, 2018.
             Slain by a killer bee (3 damage)
             ... on level 7 of the Dungeon.
             The game lasted 00:28:34 (6733 turns).

therodimus the Charmwright (Gnoll Skald)            Turns: 6733, Time: 00:28:34

Health: 0/103      AC: 24    Str: 15    XL:     9   Next: 8%
Magic:  12/18      EV:  2    Int: 20    God:
Gold:   150        SH:  0    Dex: 14    Spells: 16/20 levels left

rFire    . . .     SeeInvis .   j - -2 war axe (curse)
rCold    . . .     Gourm    .   (no shield)
rNeg     + + +     Faith    .   (armour currently unavailable)
rPois    +         Spirit   .   (helmet currently unavailable)
rElec    .         Reflect  .   (cloak currently unavailable)
rCorr    .         Harm     .   (gloves currently unavailable)
MR       .....     NoTele   +   (boots currently unavailable)
Stlth    ++........             (no amulet)
HPRegen  1.27/turn              g - +2 ring of intelligence
MPRegen  0.16/turn              o - +3 ring of evasion

@: tree-form, very slightly contaminated, regenerating
A: distributed training, strong nose
a: no special abilities


You were on level 7 of the Dungeon.
You were hungry.
You were a tree.
You visited 1 branch of the dungeon, and saw 7 of its levels.

You collected 530 gold pieces.
You spent 380 gold pieces at shops.

Inventory:

Hand Weapons
 j - a cursed -2 war axe (weapon)
 k - a +0 hunting sling
 w - a +0 trident of freezing
 y - a +3 flail of crushing
Missiles
 i - 10 javelins (quivered)
 n - 56 sling bullets
Armour
 e - a +1 leather armour of positive energy (melded)
 t - a +1 chain mail of magic resistance
Jewellery
 f - a +2 ring of intelligence
 g - a +2 ring of intelligence (left branch)
 h - a +2 ring of slaying {unknown}
 m - an uncursed ring of magical power
 o - a +3 ring of evasion (right branch)
 q - a cursed -3 ring of intelligence
Wands
 b - a wand of random effects (34)
 p - a wand of flame (24)
 x - a wand of disintegration (21)
Scrolls
 a - 3 scrolls of identify
 l - 7 scrolls of teleportation
 u - a scroll of immolation {unknown}
Potions
 r - 2 potions of curing
 s - 2 potions of flight
 v - a potion of lignification
Comestibles
 d - 11 rations


   Skills:
 + Level 6.0 Fighting
 + Level 3.8 Short Blades
 + Level 3.8 Long Blades
 + Level 6.0 Axes
 + Level 3.8 Maces & Flails
 + Level 3.8 Polearms
 + Level 3.8 Staves
 + Level 3.8 Slings
 + Level 3.8 Bows
 + Level 3.8 Crossbows
 + Level 3.8 Throwing
 + Level 4.6 Armour
 + Level 6.0 Dodging
 + Level 3.8 Stealth
 + Level 3.8 Shields
 + Level 3.8 Unarmed Combat
 + Level 6.3 Spellcasting
 + Level 3.1 Conjurations
 + Level 3.1 Hexes
 + Level 6.3 Charms
 + Level 3.1 Summonings
 + Level 3.1 Necromancy
 + Level 3.1 Translocations
 + Level 3.1 Transmutations
 + Level 3.1 Fire Magic
 + Level 3.1 Ice Magic
 + Level 3.1 Air Magic
 + Level 3.1 Earth Magic
 + Level 3.1 Poison Magic
 + Level 4.2 Invocations
 + Level 3.8 Evocations


You had 16 spell levels left.
You knew the following spells:

 Your Spells              Type           Power        Failure   Level  Hunger
a - Infusion              Chrm           ####         1%          1    None
b - Regeneration          Chrm/Necr      ####......   4%          3    ##.....

Your spell library contained the following spells:

 Spells                   Type           Power        Failure   Level  Hunger
 Song of Slaying          Chrm           ####....     1%          2    None
 Shroud of Golubria       Chrm/Tloc      ####......   2%          2    None
 Spectral Weapon          Hex/Chrm       ####....     4%          3    ##.....


Dungeon Overview and Level Annotations

Branches:
Dungeon (7/15)
 Temple: D:4-7

Altars:
Cheibriados
Hepliaklqana
Kikubaaqudgha
Makhleb
Qazlal
Trog
Xom

Shops:
D:5 (*!(


Innate Abilities, Weirdness & Mutations

Your experience applies equally to all skills.
((You have very sharp teeth.))
Your uncanny sense of smell can sniff out nearby items.


Message History

You hear strange and distant voices.
The killer bee stings you but does no damage. x2
Casting: Regeneration (safe; 4% risk of failure)
Confirm with . or Enter, or press ? or * to list all spells.
Your skin crawls.
The killer bee completely misses you.
The killer bee stings you but does no damage.
You miss the killer bee.
The killer bee is almost dead.
The killer bee stings you but does no damage. x2
The howler monkey hoots and howls with incredible vigour!
The killer bee stings you but does no damage.
You completely miss the killer bee.
The killer bee is almost dead.
The killer bee stings you.
* * * LOW HITPOINT WARNING * * *
The orc priest calls down the wrath of Beogh upon you.
Beogh smites you!
* * * LOW HITPOINT WARNING * * *
The killer bee stings you.
You die...

#.... #.....
..... #. ...$
##.#####..# ∆
.........#
..###..o#######
#.....yohy♣..<#
#%.##.lo#######
#..##...#
#.?.....#
#.[...o....# ∆
∆#####.##...#
..o o...#
#........#
..........#


You could see a howler monkey, an iguana, 2 killer bees, an orc priest and 2
orcs.

Vanquished Creatures
  Sigmund (D:3)
  Edmund (D:6)
  An ice beast (D:5)
  A black bear (D:6)
  An ogre (D:4)
  A big kobold (D:5)
  3 bullfrogs (D:6)
  2 scorpions
  A killer bee (D:7)
  2 howler monkeys (D:7)
  A centaur zombie (D:3)
  6 crimson imps
  3 hounds
  A bullfrog skeleton (D:4)
  An orc priest (D:3)
  A jelly (D:5)
  An orc wizard (D:5)
  3 worker ants
  2 hound skeletons (D:6)
  7 adders
  3 gnolls (D:4)
  A shadow imp (D:5)
  4 oozes
  An adder skeleton (D:4)
  5 worms
  2 dart slugs (D:1)
  2 leopard geckos
  14 orcs
  A ball python (D:4)
  4 giant cockroaches
  4 goblins
  6 hobgoblins
  3 jackals (D:6)
  6 bats
  9 frilled lizards
  14 kobolds
  2 leopard gecko skeletons (D:6)
  A quokka skeleton (D:5)
  A quokka zombie (D:6)
  7 rats
  A rat zombie (D:5)
131 creatures vanquished.

Notes
Turn   | Place    | Note
-------+----------+-------------------------------------------
     0 | D:1      | therodimus the Gnoll Skald began the quest for the Orb.
     0 | D:1      | Reached XP level 1. HP: 20/20 MP: 6/6
    49 | D:1      | Reached XP level 2. HP: 7/26 MP: 7/7
   645 | D:2      | Reached XP level 3. HP: 24/31 MP: 9/9
   710 | D:2      | Found a bloodstained altar of Trog.
   750 | D:2      | Reached skill level 5 in Spellcasting
   830 | D:2      | Reached skill level 1 in Short Blades
   830 | D:2      | Reached skill level 1 in Long Blades
   830 | D:2      | Reached skill level 1 in Maces & Flails
   830 | D:2      | Reached skill level 1 in Polearms
   830 | D:2      | Reached skill level 1 in Staves
   830 | D:2      | Reached skill level 1 in Slings
   830 | D:2      | Reached skill level 1 in Bows
   830 | D:2      | Reached skill level 1 in Crossbows
   830 | D:2      | Reached skill level 1 in Throwing
   830 | D:2      | Reached skill level 1 in Stealth
   830 | D:2      | Reached skill level 1 in Shields
   830 | D:2      | Reached skill level 1 in Unarmed Combat
   830 | D:2      | Reached skill level 1 in Invocations
   830 | D:2      | Reached skill level 1 in Evocations
   830 | D:2      | Reached XP level 4. HP: 19/38 MP: 7/11
  1098 | D:2      | Learned a level 3 spell: Regeneration
  1186 | D:2      | Found a faded altar of an unknown god.
  1479 | D:2      | Reached skill level 1 in Conjurations
  1479 | D:2      | Reached skill level 1 in Hexes
  1479 | D:2      | Reached skill level 1 in Summonings
  1479 | D:2      | Reached skill level 1 in Necromancy
  1479 | D:2      | Reached skill level 1 in Translocations
  1479 | D:2      | Reached skill level 1 in Transmutations
  1479 | D:2      | Reached skill level 1 in Fire Magic
  1479 | D:2      | Reached skill level 1 in Ice Magic
  1479 | D:2      | Reached skill level 1 in Air Magic
  1479 | D:2      | Reached skill level 1 in Earth Magic
  1479 | D:2      | Reached skill level 1 in Poison Magic
  1614 | D:3      | Reached XP level 5. HP: 37/43 MP: 9/12
  1679 | D:3      | Noticed Sigmund
  2105 | D:4      | Found a burning altar of Makhleb.
  2646 | D:4      | Reached XP level 6. HP: 41/50 MP: 13/13
  2895 | D:4      | Found a shimmering altar of Xom.
  2983 | D:4      | Reached skill level 5 in Fighting
  2983 | D:4      | Reached skill level 5 in Axes
  2983 | D:4      | Reached skill level 5 in Dodging
  3586 | D:3      | Reached XP level 7. HP: 37/56 MP: 15/15
  3595 | D:3      | Killed Sigmund
  3985 | D:3      | Found a stormy altar of Qazlal.
  3986 | D:3      | Noticed a fire elemental
  3987 | D:3      | Noticed an air elemental
  4032 | D:3      | Noticed a water elemental
  4508 | D:5      | Entered Level 5 of the Dungeon
  4578 | D:5      | Found a snail-covered altar of Cheibriados.
  4720 | D:5      | Found Pahoal's Antique Weapon Shop.
  4723 | D:5      | Bought a runed trident for 182 gold pieces
  4795 | D:5      | Reached XP level 8. HP: 59/63 MP: 16/16
  4938 | D:5      | Found Suxkuzxius's General Store.
  4969 | D:5      | Bought a +1 chain mail of magic resistance for 198 gold pieces
  5045 | D:5      | Found Ekaur's Distillery.
  5480 | D:5      | Found Jititirch's Weapon Boutique.
  5565 | D:5      | Found an ancient bone altar of Kikubaaqudgha.
  6023 | D:6      | Found a snail-covered altar of Cheibriados.
  6149 | D:6      | Found a hazy altar of Hepliaklqana.
  6256 | D:6      | Noticed Edmund
  6272 | D:6      | Killed Edmund
  6541 | D:6      | Reached XP level 9. HP: 58/69 MP: 18/18
  6733 | D:7      | HP: 3/103 [orc priest/divine providence (15)]
  6733 | D:7      | Slain by a killer bee

Skill      XL: |  1  2  3  4  5  6  7  8  9 |
---------------+----------------------------+-----
Spellcasting   | 5 6 |  6.3
Short Blades   | 1 2 3 |  3.8
Long Blades    | 1 2 3 |  3.8
Maces & Flails | 1 2 3 |  3.8
Polearms       | 1 2 3 |  3.8
Staves         | 1 2 3 |  3.8
Slings         | 1 2 3 |  3.8
Bows           | 1 2 3 |  3.8
Crossbows      | 1 2 3 |  3.8
Throwing       | 1 2 3 |  3.8
Stealth        | 1 2 3 |  3.8
Shields        | 1 2 3 |  3.8
Unarmed Combat | 1 2 3 |  3.8
Invocations    | 1 2 3 4 |  4.2
Evocations     | 1 2 3 |  3.8
Conjurations   | 1 2 3 |  3.1
Hexes          | 1 2 3 |  3.1
Summonings     | 1 2 3 |  3.1
Necromancy     | 1 2 3 |  3.1
Translocations | 1 2 3 |  3.1
Transmutations | 1 2 3 |  3.1
Fire Magic     | 1 2 3 |  3.1
Ice Magic      | 1 2 3 |  3.1
Air Magic      | 1 2 3 |  3.1
Earth Magic    | 1 2 3 |  3.1
Poison Magic   | 1 2 3 |  3.1
Armour         | 3 4 |  4.6
Fighting       | 5 6 |  6.0
Axes           | 5 6 |  6.0
Dodging        | 5 6 |  6.0
Charms         | 6 |  6.3

Action                   |  1- 3 |  4- 6 |  7- 9 || total
-------------------------+-------+-------+-------++-------
Melee: Hand axe          |    79 |   278 |    97 ||   454
       Bite              |     4 |    33 |    42 ||    79
       Punch             |       |     1 |     1 ||     2
       Flail             |       |       |    28 ||    28
       Trident           |       |       |    50 ||    50
       War axe           |       |       |   173 ||   173
 Cast: Infusion          |     1 |     1 |     1 ||     3
       Regeneration      |       |       |     2 ||     2
  Use: Potion            |       |     6 |     7 ||    13
       Scroll            |       |     3 |     3 ||     6
 Stab: Sleeping          |     1 |       |       ||     1
       Distracted        |       |     1 |       ||     1
  Eat: Chunk             |       |     8 |    11 ||    19
Armor: Leather armour    |    17 |    34 |     5 ||    56
       Scale mail        |       |    54 |    50 ||   104
       Chain mail        |       |       |    80 ||    80
       Skin              |       |       |    27 ||    27
Dodge: Dodged            |    59 |   212 |   250 ||   521
